 Dungeon Crawl Stone Soup version 0.24-a0-117-g53b5160 (webtiles) character file.

Game seed: 11205669701144965278

6376 mhoghedin the Summoner (level 11, -15/56 HPs)
             Began as a Kobold Summoner on Feb 18, 2019.
             Was an Elder of Hepliaklqana.
             Demolished by a spiny frog (20 damage)
             ... on level 1 of the Lair of Beasts on Feb 19, 2019.
             The game lasted 00:29:51 (12146 turns).

mhoghedin the Summoner (Kobold Summoner)           Turns: 12146, Time: 00:29:52

Health: -15/56     AC:  6    Str:  5    XL:     11   Next: 17%
Magic:  8/17       EV: 17    Int: 19    God:    Hepliaklqana [****..]
Gold:   509        SH:  0    Dex: 21    Spells: 2/19 levels left

rFire    . . .     SeeInvis .   a - +0 short sword
rCold    . . .     Gourm    .   (shield restricted)
rNeg     . . .     Faith    .   t - +0 robe {MR+}
rPois    .         Spirit   .   u - +0 helmet
rElec    .         Reflect  .   o - scarf {cloud immunity}
rCorr    .         Harm     .   l - +1 pair of gloves
MR       +....                  e - +0 pair of boots
Stlth    ++++......             h - amulet of magic regeneration
HPRegen  0.18/turn              m - +4 ring of dexterity
MPRegen  0.40/turn              (no ring)

@: about to teleport
A: small, reduced essence, carnivore
a: Recall Ancestor, Ancestor Identity, Transference, Idealise, Renounce Religion


You were on level 1 of the Lair of Beasts.
You worshipped Hepliaklqana.
Hepliaklqana was greatly pleased with you.
You were not hungry.

You visited 2 branches of the dungeon, and saw 9 of its levels.
You also visited: Ossuary.

You collected 509 gold pieces.

Inventory:

Hand Weapons
 a - a +0 short sword (weapon)
   (You found it on level 1 of the Dungeon)
 b - a +0 blowgun
   (You took it off a kobold on level 4 of the Dungeon)
Missiles
 q - 13 curare-tipped needles
Armour
 e - a +0 pair of boots (worn)
   (You found it on level 8 of the Dungeon)
 l - a +1 pair of gloves (worn)
   (You found it on level 2 of the Dungeon)
 o - a scarf of cloud immunity (worn)
   (You found it on level 4 of the Dungeon)
 t - a +0 robe of magic resistance (worn)
   (You found it on level 5 of the Dungeon)
 u - a +0 helmet (worn)
   (You found it on level 6 of the Dungeon)
Jewellery
 h - an amulet of magic regeneration (around neck)
   (You found it on level 1 of the Dungeon)
 m - a +4 ring of dexterity (left hand)
   (You took it off an orc on level 3 of the Dungeon)
 A - a cursed ring of attention
   (You found it on level 7 of the Dungeon)
 D - a +1 ring of protection
   (You found it on level 1 of the Lair of Beasts)
Wands
 w - a wand of digging (5)
   (You found it on level 1 of the Lair of Beasts)
 B - a wand of polymorph (5)
   (You found it on level 7 of the Dungeon)
Scrolls
 k - 5 scrolls of enchant armour
 v - a scroll of fog
 x - 2 scrolls of remove curse
Potions
 d - a potion of agility
 f - a potion of degeneration {unknown}
 g - 2 potions of haste
 i - a potion of mutation {!q}
 j - 2 potions of flight
 p - a potion of cancellation
 r - 5 potions of curing
 s - 2 potions of ambrosia {unknown}
Miscellaneous
 n - a sack of spiders
Comestibles
 c - 15 rations


   Skills:
 + Level 5.1 Fighting
 - Level 4.4 Short Blades
 + Level 3.3 Dodging
 - Level 8.5 Stealth
 - Level 4.6 Spellcasting
 - Level 3.1 Hexes
 - Level 10.6 Summonings
 - Level 5.6 Ice Magic
 - Level 5.2 Air Magic
 + Level 1.9 Invocations


You had 2 spell levels left.
You knew the following spells:

 Your Spells              Type           Power        Failure   Level  Hunger
a - Summon Small Mammal   Summ           ####         1%          1    None
b - Call Canine Familiar  Summ           #####...     1%          3    ###....
c - Call Imp              Summ           #####...     1%          2    #......
d - Summon Ice Beast      Ice/Summ       #####...     4%          4    ####...
e - Summon Guardian Gole  Hex/Summ       ####....     2%          3    ###....
f - Summon Lightning Spi  Summ/Air       ####....     4%          4    ####...

Your spell library contained the following spells:

 Spells                   Type           Power        Failure   Level  Hunger


Dungeon Overview and Level Annotations

Branches:
Dungeon (8/15)             Temple (0/1) D:7            Lair (1/6) D:8

Altars:
Fedhas
Hepliaklqana
Okawaru
Xom
The Shining One

Annotations:
D:7 3 runed translucent doors, vogonpoet's ghost, novice OpCj


Innate Abilities, Weirdness & Mutations

You are small and have problems with some larger weapons.
You are carnivorous and can eat meat at any time.
Your life essence is reduced to manifest your ancestor. (-10% HP)


Message History

A porcupine is nearby!
A spiny frog comes into view.
A spiny frog comes into view.
The helpless spiny frog fails to defend itself.
You impale the spiny frog!! The spiny frog stings you!
The spiny frog gives a loud, deep croak!
You take 16 damage, and have 39/55 hp.
MASSIVE DAMAGE!!
You hear a croak.
The porcupine misses Simosihle.
A chill wind blows around you.
The spiny frog stings Simosihle!!
The spiny frog stings Simosihle!
Simosihle hits the spiny frog with a +0 dagger of draining.
The porcupine bites you but does no damage.
The spiny frog stings Simosihle!
Simosihle is destroyed!
You now have 13/17 mp.
An electric hum fills the air.
The porcupine misses you.
Your ice beast closely misses the porcupine.
The spiny frog stings you but does no damage.
You now have 9/17 mp.
A chill wind blows around you. The porcupine barely misses you.
The spiny frog closely misses you.
Your ice beast hits the porcupine.
Your ice beast freezes the porcupine!
You now have 6/17 mp.
Your ice beast hits the porcupine.
Your ice beast freezes the porcupine!
The porcupine dies!
You swap places.
A spiny frog comes into view.
Your ice beast hits the spiny frog.
Your ice beast freezes the spiny frog.
The spiny frog seems to slow down.
The spiny frog dies!
Your Dodging skill increases to level 3!
Your Invocations skill increases to level 1!
Your ice beast hits the spiny frog but does no damage.
You hit the spiny frog but do no damage.
The spiny frog barely misses you.
You hit the spiny frog but do no damage.
Your ice beast hits the spiny frog.
Your ice beast freezes the spiny frog!
The spiny frog seems to slow down.
Your ice beast hits the spiny frog.
Your ice beast freezes the spiny frog!
The spiny frog closely misses your ice beast.
You closely miss the spiny frog.
Your ice beast hits the spiny frog but does no damage. x2
The spiny frog stings you!!
You take 18 damage, and have 22/55 hp.
MASSIVE DAMAGE!!
You barely miss the spiny frog.
A porcupine comes into view.
Your ice beast hits the spiny frog but does no damage.
Your ice beast hits the spiny frog.
Your ice beast freezes the spiny frog!
The spiny frog seems to slow down.
The spiny frog stings you!
* * * LOW HITPOINT WARNING * * *
You are lethally poisoned!
The spiny frog poisons you!
You take 11 damage, and have 11/55 hp.
You feel better.
Your ice beast closely misses the spiny frog. x2
The spiny frog closely misses your ice beast.
You regained 5 hp, and now have 16/55 hp.
Your ice beast hits the spiny frog.
The spiny frog dies!
Your Fighting skill increases to level 5!
The spiny frog barely misses your ice beast.
What are your orders? t - Shout!
Orders for allies: a - Attack new target. r - Retreat! s - Stop attacking. g - Guard the area. f - Follow me.
Anything else - Cancel.
Gang up on whom?
Aim: a spiny frog Attack!
Your ice beast closely misses the spiny frog.
The spiny frog barely misses your ice beast.
Your lightning spire shoots out a bolt of lightning at the spiny frog!
The bolt of electricity hits the spiny frog!
The spiny frog stings your ice beast!
Your ice beast barely misses the spiny frog.
Your ice beast hits the spiny frog.
Your ice beast freezes the spiny frog!
The spiny frog seems to slow down.
Your ice beast hits the spiny frog but does no damage.
Your ice beast misses the spiny frog.
The spiny frog stings your ice beast!
Your ice beast dies!
The spiny frog is no longer moving slowly.
Your ice beast hits the spiny frog but does no damage.
A chill wind blows around you.
You now have 7/17 mp.
Your ice beast misses the spiny frog.
You hit the spiny frog. The porcupine bites your ice beast.
The spiny frog stings you!
* * * LOW HITPOINT WARNING * * *
Your ice beast hits the porcupine but does no damage.
You take 13 damage, and have 4/56 hp.
MASSIVE DAMAGE!!
As you read the scroll of teleportation, it crumbles to dust.
You feel strangely unstable.
The porcupine barely misses your ice beast.
The spiny frog stings you!!
You die...

#. ...# ##...... .. ...# #.......
#.###..# ##....... #..$#8.##
###........ #.†...# #.#........
###.#r.## ##......... ...#.Y#
###(........ ..##.#YF##
#...#....... ... #.†.@.#
##.......... .......#....##
#......#....
#####............#####...........
.#..................##...........
.................................
.....................)...........
.................................
.................................
.................................


You could see a spiny frog, a porcupine, 2 friendly ice beasts and a friendly
lightning spire.

Vanquished Creatures
  A human (D:7)
  2 water moccasins (Lair:1)
  A porcupine (Lair:1)
  A phantom (D:6)
  An ogre (D:7)
  A centaur (D:7)
  An elf zombie (Ossuary)
  A bullfrog (Lair:1)
  A crimson imp (D:8)
  A bullfrog zombie (D:7)
  3 centaur zombies
  A centaur skeleton (D:6)
  A hound (D:5)
  3 worker ants
  2 killer bee zombies
  A big kobold zombie (Ossuary)
  A hound skeleton (D:7)
  2 mummies (Ossuary)
  A worker ant zombie (D:4)
  3 adders
  A shadow imp (D:7)
  2 oozes (D:4)
  An adder zombie (Ossuary)
  An adder skeleton (D:8)
  A worm (D:3)
  2 leopard geckos
  9 orcs
  4 giant cockroaches
  2 goblins (D:3)
  2 hobgoblins (D:3)
  4 jackals
  A quokka (D:2)
  5 bats
  A frilled lizard (D:3)
  3 hobgoblin zombies (Ossuary)
  8 kobolds
  2 kobold zombies (Ossuary)
  4 orc zombies (Ossuary)
  A quokka zombie (D:5)
  5 rats
  A rat zombie (Ossuary)
89 creatures vanquished.

Vanquished Creatures (collateral kills)
  A two-headed ogre (D:8)
  A black mamba (Lair:1)
  2 spiny frogs (Lair:1)
  A komodo dragon (Lair:1)
  2 hippogriffs
  8 yaks
  3 hogs (D:7)
  Eustachio (D:4)
  Menkaure (D:6)
  Edmund (D:6)
  5 porcupines
  2 orc warriors
  A phantom (D:6)
  An ice beast (D:8)
  2 sky beasts
  A black bear (D:8)
  A wolf (Lair:1)
  2 centaurs
  4 crocodiles
  Blork the orc (D:5)
  2 bullfrogs
  3 scorpions
  6 killer bees (D:8)
  An electric eel (D:8)
  A crimson imp (D:5)
  A centaur zombie (Ossuary)
  3 hounds
  3 jellies (D:4)
  7 orc priests
  7 orc wizards
  Terence (D:2)
  A worker ant (D:7)
  A mummy (D:5)
  A howler monkey skeleton (D:6)
  7 adders
  2 shadow imps
  6 oozes (D:4)
  2 adder zombies (Ossuary)
  2 adder skeletons (D:4)
  2 worms (D:2)
  3 leopard geckos
  21 orcs
  3 bats
  A giant cockroach (D:3)
  3 goblins
  6 hobgoblins
  3 jackals
  A quokka (D:5)
  A frilled lizard (D:3)
  A goblin zombie (Ossuary)
  5 hobgoblin zombies (Ossuary)
  A jackal skeleton (D:8)
  9 kobolds
  6 kobold zombies (Ossuary)
  6 orc zombies (Ossuary)
  4 rats
  A rat zombie (Ossuary)
175 creatures vanquished.

Vanquished Creatures (others)
  3 hexers
  6 ancestors
  31 fungi
  13 plants (D:8)
  9 toadstools (D:4)
62 creatures vanquished.

Grand Total: 326 creatures vanquished

Notes
Turn   | Place    | Note
-------+----------+-------------------------------------------
     0 | D:1      | mhoghedin the Kobold Summoner began the quest for the Orb.
     0 | D:1      | Reached XP level 1. HP: 10/10 MP: 3/3
    99 | D:1      | HP: 1/10 [hobgoblin/+0 club (5)]
   448 | D:1      | Reached skill level 3 in Stealth
   645 | D:1      | Reached skill level 1 in Fighting
   645 | D:1      | Reached XP level 2. HP: 16/16 MP: 5/5
   730 | D:1      | Learned a level 2 spell: Call Imp
  1449 | D:2      | Reached XP level 3. HP: 21/21 MP: 3/6
  1507 | D:2      | Found a hazy altar of Hepliaklqana.
  1514 | D:2      | Noticed Terence
  1519 | D:2      | Reached skill level 4 in Stealth
  1524 | D:2      | Killed Terence
  1524 | D:2      | Reached skill level 2 in Fighting
  1960 | D:2      | Reached XP level 4. HP: 27/27 MP: 4/7
  2005 | D:2      | Became a worshipper of Hepliaklqana the Forgotten
  2505 | D:3      | Reached skill level 5 in Stealth
  2555 | D:3      | Reached skill level 3 in Fighting
  2555 | D:3      | Reached XP level 5. HP: 11/28 MP: 5/8
  2593 | D:3      | HP: 7/28 [hobgoblin/+0 club (2)]
  3541 | D:3      | Reached skill level 6 in Stealth
  3685 | D:3      | Learned a level 3 spell: Call Canine Familiar
  3777 | D:3      | Reached XP level 6. HP: 31/34 MP: 9/9
  3855 | D:3      | Reached skill level 4 in Fighting
  4026 | D:4      | Noticed Eustachio
  4063 | D:4      | Killed Eustachio
  4223 | D:4      | Reached * piety under Hepliaklqana
  4321 | D:4      | Reached skill level 1 in Short Blades
  4324 | D:4      | Reached skill level 7 in Stealth
  4401 | D:4      | Found a shimmering altar of Xom.
  4426 | D:4      | Reached XP level 7. HP: 27/39 MP: 7/10
  4556 | D:4      | Found an iron altar of Okawaru.
  4612 | D:4      | Reached skill level 2 in Short Blades
  5003 | D:4      | Reached skill level 3 in Short Blades
  5292 | D:5      | Entered Level 5 of the Dungeon
  5293 | D:5      | Found a blossoming altar of Fedhas.
  5376 | D:5      | Reached skill level 8 in Stealth
  5462 | D:5      | Reached skill level 4 in Short Blades
  5491 | D:5      | HP: 7/39 [centaur/arrow (8)]
  5492 | D:5      | HP: 2/39 [centaur (5)]
  5544 | D:5      | Found a sand-covered staircase.
  5551 | Ossuary  | Entered an ossuary
  5722 | Ossuary  | Learned a level 4 spell: Summon Ice Beast
  5847 | Ossuary  | Reached skill level 1 in Ice Magic
  5847 | Ossuary  | Reached XP level 8. HP: 40/43 MP: 11/11
  5973 | Ossuary  | Reached skill level 3 in Spellcasting
  6172 | D:5      | Learned a level 3 spell: Summon Guardian Golem
  6246 | D:5      | Reached ** piety under Hepliaklqana
  6290 | D:5      | Noticed Blork the orc
  6310 | D:5      | HP: 10/43 [Blork the orc/magic dart (2)]
  6332 | D:5      | Remembered your ancestor Simosihle as a hexer
  6335 | D:5      | Killed Blork the orc
  6335 | D:5      | Reached skill level 1 in Hexes
  6712 | D:5      | Found a glowing golden altar of the Shining One.
  6862 | D:6      | Reached skill level 5 in Summonings
  7059 | D:6      | Reached skill level 2 in Hexes
  7092 | D:6      | Reached skill level 4 in Spellcasting
  7296 | D:6      | Noticed Menkaure
  7300 | D:6      | Noticed Edmund
  7310 | D:6      | Killed Menkaure
  7310 | D:6      | Killed Edmund
  7310 | D:6      | Reached XP level 9. HP: 46/46 MP: 12/15
  7354 | D:6      | Reached skill level 3 in Hexes
  7365 | D:6      | Got a distressingly furry chain mail
  7433 | D:6      | Learned a level 4 spell: Summon Lightning Spire
  7903 | D:7      | Reached skill level 2 in Ice Magic
  7956 | D:7      | Reached skill level 1 in Air Magic
  7960 | D:7      | Reached skill level 6 in Summonings
  8112 | D:7      | Found a staircase to the Ecumenical Temple.
  8127 | D:7      | Reached *** piety under Hepliaklqana
  8419 | D:7      | Reached skill level 2 in Air Magic
  8439 | D:7      | Reached skill level 3 in Ice Magic
  8500 | D:7      | Identified the +0 chain mail of Lucidity {rPois rF+ rCorr}
                  | (You found it on level 6 of the Dungeon)
  8757 | D:7      | HP: 8/46 [hog (8)]
  8757 | D:7      | HP: 2/46 [hog (6)]
  8763 | D:7      | HP: 6/46 [hog (3)]
  9090 | D:7      | Noticed a hippogriff
  9098 | D:7      | Killed a hippogriff
  9098 | D:7      | Reached skill level 3 in Air Magic
  9261 | D:7      | Found a runed translucent gate.
  9264 | D:7      | Found a runed translucent gate.
  9265 | D:7      | Found a runed translucent gate.
  9311 | D:7      | Reached skill level 4 in Ice Magic
  9504 | D:7      | Noticed vogonpoet's ghost (novice OpCj)
  9581 | D:7      | Reached skill level 7 in Summonings
  9717 | D:8      | Found a shimmering altar of Xom.
  9779 | D:8      | Reached XP level 10. HP: 52/52 MP: 16/16
  9794 | D:8      | Reached skill level 4 in Air Magic
  9883 | D:8      | Noticed a two-headed ogre
  9893 | D:8      | Killed a two-headed ogre
  9893 | D:8      | Reached skill level 5 in Ice Magic
  9897 | D:8      | Reached skill level 5 in Air Magic
  9968 | D:8      | Reached skill level 8 in Summonings
 10237 | D:8      | HP: 9/52 [yak (13)]
 10463 | D:8      | Found a staircase to the Lair.
 10474 | D:8      | Reached skill level 9 in Summonings
 11063 | Lair:1   | Entered Level 1 of the Lair of Beasts
 11310 | Lair:1   | Noticed a komodo dragon
 11322 | Lair:1   | Killed a komodo dragon
 11345 | Lair:1   | Noticed a black mamba
 11367 | Lair:1   | Killed a black mamba
 11378 | Lair:1   | HP: 13/52 [poisoned by a black mamba]
 11384 | Lair:1   | HP: 11/52 [poisoned by a black mamba]
 11390 | Lair:1   | HP: 10/52 [poisoned by a black mamba]
 11398 | Lair:1   | HP: 10/52 [poisoned by a black mamba]
 11691 | Lair:1   | Reached skill level 10 in Summonings
 11700 | Lair:1   | Reached **** piety under Hepliaklqana
 11862 | Lair:1   | Reached XP level 11. HP: 55/55 MP: 6/17
 12132 | Lair:1   | Reached skill level 3 in Dodging
 12132 | Lair:1   | Reached skill level 1 in Invocations
 12136 | Lair:1   | HP: 11/55 [spiny frog (12)]
 12138 | Lair:1   | Reached skill level 5 in Fighting
 12145 | Lair:1   | HP: 4/56 [spiny frog (13)]
 12146 | Lair:1   | Demolished by a spiny frog

Levels and vault maps discovered:
D:1:      minmay_arrival_open_corners, layout_loops_cross
D:2:      layout_loops_ring, overflow_temple_1_default, serial_bayou_lake_a,
          uniq_terence
D:3:      layout_loops_ring
D:4:      cheibrodos_fertilizer, layout_basic, kennysheep_okawaru_gauntlet,
          xom_teletrap_fun, uniq_eustachio
D:5:      layout_cave_pools, nicolae_tso_swordbearing_angel,
          nicolae_overflow_hidden_temple, gup_ossuary_entry_pyramid,
          first_ration, fedhas_altar_1, uniq_blork_the_orc
D:6:      minmay_klotski, layout_basic, serial_glass, glass_columns_a,
          glass_columns_a, glass_columns_b, glass_columns_b, glass_columns_c,
          glass_columns_c, glass_columns_a, glass_columns_a,
          minmay_strange_pillars, feat_on_display, minmay_strange_pillars,
          chequers_serial_rivers_marsh, uniq_menkaure, uniq_edmund, uniq_pikel
D:7:      layout_loops_cross, minmay_temple_entry_statues, gammafunk_ghost_icy,
          grunt_livestock, minmay_stone_trees_medium,
          hangedman_decor_diamond_cutter
D:8:      layout_basic, due_lair_maze_entry_diamond, basic_altar,
          kennysheep_generic_room_4
Lair:1:   layout_hall_layers, beast_lair_carwin_5
Ossuary:  ossuary_tomb_1

Skill      XL: |  1  2  3  4  5  6  7  8  9 10 11 |
---------------+----------------------------------+-----
Stealth        | 3 4 5 6 7 8 |  8.5
Fighting       | 1 2 3 4 5 |  5.1
Short Blades   | 1 4 |  4.4
Ice Magic      | 1 4 5 |  5.6
Spellcasting   | 4 |  4.6
Hexes          | 2 3 |  3.1
Summonings     | 5 7 10 | 10.6
Air Magic      | 3 5 |  5.2
Dodging        | 3 |  3.3
Invocations    | 1 |  1.9

Action                   |  1- 3 |  4- 6 |  7- 9 | 10-12 || total
-------------------------+-------+-------+-------+-------++-------
Melee: Short sword       |    78 |   112 |   383 |   113 ||   686
 Cast: Summon Small Mamm |     5 |       |     3 |       ||     8
       Call Imp          |    10 |    31 |    47 |    14 ||   102
       Call Canine Famil |       |     1 |     7 |     6 ||    14
       Summon Guardian G |       |       |     6 |     1 ||     7
       Summon Ice Beast  |       |       |     1 |    18 ||    19
       Summon Lightning  |       |       |     3 |     8 ||    11
Invok: Ancestor Identity |       |     1 |       |       ||     1
       Ancestor Life: He |       |       |     1 |       ||     1
  Use: Scroll            |       |       |    10 |     6 ||    16
       Potion            |       |       |     2 |     7 ||     9
 Stab: Sleeping          |     8 |    11 |    18 |     8 ||    45
       Distracted        |       |     1 |     4 |     3 ||     8
       Confused          |       |       |     2 |       ||     2
  Eat: Chunk             |     3 |    15 |    16 |     9 ||    43
       Ration            |       |     1 |     3 |       ||     4
Armor: Robe              |    14 |    11 |    52 |    15 ||    92
       Leather armour    |       |     3 |    10 |       ||    13
Dodge: Dodged            |    89 |    94 |   244 |    90 ||   517

Table legend:
 A = Non-vault XP
 B = Vault XP
 C = Vault XP percentage of total XP
 D = Non-vault monster count
 E = Vault monster count
 F = Vault count percentage of total count
                 A         B        C        D         E       F
            +---------+---------+-------+---------+---------+-------
      Total |    5380 |    3729 |  40.9 |     179 |      85 |  32.2
            +---------+---------+-------+---------+---------+-------
        D:1 |      20 |       0 |   0.0 |      17 |       0 |   0.0
        D:2 |      41 |      18 |  30.5 |      15 |       1 |   6.2
        D:3 |     205 |       0 |   0.0 |      40 |       0 |   0.0
        D:4 |     145 |     301 |  67.5 |      15 |      21 |  58.3
        D:5 |     326 |     106 |  24.5 |      12 |       2 |  14.3
        D:6 |     562 |     156 |  21.7 |      14 |       2 |  12.5
        D:7 |     938 |     717 |  43.3 |      26 |       5 |  16.1
        D:8 |    1431 |    1246 |  46.5 |      27 |      10 |  27.0
     Lair:1 |    1712 |     850 |  33.2 |      13 |       5 |  27.8
    Ossuary |       0 |     335 | 100.0 |       0 |      39 | 100.0
            +---------+---------+-------+---------+---------+-------

Levels and vault maps discovered:
D:1:      minmay_arrival_open_corners, layout_loops_cross
D:2:      layout_loops_ring, overflow_temple_1_default, serial_bayou_lake_a,
          uniq_terence
D:3:      layout_loops_ring
D:4:      cheibrodos_fertilizer, layout_basic, kennysheep_okawaru_gauntlet,
          xom_teletrap_fun, uniq_eustachio
D:5:      layout_cave_pools, nicolae_tso_swordbearing_angel,
          nicolae_overflow_hidden_temple, gup_ossuary_entry_pyramid,
          first_ration, fedhas_altar_1, uniq_blork_the_orc
D:6:      minmay_klotski, layout_basic, serial_glass, glass_columns_a,
          glass_columns_a, glass_columns_b, glass_columns_b, glass_columns_c,
          glass_columns_c, glass_columns_a, glass_columns_a,
          minmay_strange_pillars, feat_on_display, minmay_strange_pillars,
          chequers_serial_rivers_marsh, uniq_menkaure, uniq_edmund, uniq_pikel
D:7:      layout_loops_cross, minmay_temple_entry_statues, gammafunk_ghost_icy,
          grunt_livestock, minmay_stone_trees_medium,
          hangedman_decor_diamond_cutter
D:8:      layout_basic, due_lair_maze_entry_diamond, basic_altar,
          kennysheep_generic_room_4
Lair:1:   layout_hall_layers, beast_lair_carwin_5
Ossuary:  ossuary_tomb_1

Table legend:
 A = Turns spent in this place as a percentage of turns spent in the entire game.
 B = Non-inter-level travel turns spent in this place as a percentage of non-inter-level travel turns spent in the entire game.
 C = Inter-level travel turns spent in this place as a percentage of turns spent in this place.
 D = Turns resting spent in this place as a percentage of non-inter-level travel turns spent in this place.
 E = Turns spent auto-exploring this place as a percentage of non-inter-level travel turns spent in this place.
 F = Non-inter-level travel turns spent in this place divided by the number of levels of this place that you've seen.
                   A       B       C       D       E      F
               +-------+-------+-------+-------+-------+----------------------
         Total | 100.0 | 100.0 |   2.5 |  40.4 |  36.4 | 1184.7
       Dungeon |  86.0 |  85.7 |   2.9 |  40.2 |  36.7 | 1268.6
          Lair |   8.9 |   9.1 |   0.1 |  38.7 |  46.5 | 1082.0
       Ossuary |   5.1 |   5.2 |   0.0 |  47.6 |  12.7 | 616.0
               +-------+-------+-------+-------+-------+----------------------

Table legend:
 A = Kills in this place as a percentage of kills in entire the game.
 B = Kills by you in this place as a percentage of kills by you in the entire game.
 C = Kills by friends in this place as a percentage of kills by friends in the entire game.
 D = Other kills in this place as a percentage of other kills in the entire game.
 E = Experience gained in this place as a percentage of experience gained in the entire game.
 F = Experience gained in this place divided by the number of levels of this place that you have seen.
                   A       B       C       D       E      F
               +-------+-------+-------+-------+-------+----------------------
         Total | 100.0 | 100.0 | 100.0 |   N/A | 100.0 | 910.9
       Dungeon |  78.4 |  76.4 |  79.4 |   N/A |  68.2 | 776.5
          Lair |   6.8 |   4.5 |   8.0 |   N/A |  28.1 | 2562.0
       Ossuary |  14.8 |  19.1 |  12.6 |   N/A |   3.7 | 335.0
               +-------+-------+-------+-------+-------+----------------------
